Griffins vs Sound Tigers
Created - December 23, 2022 at 19:54
Goals
|
Griffins |
0 |
1 |
0 |
1 |
Sound Tigers |
4 |
2 |
1 |
7 |
|
Shots
|
Griffins |
7 |
11 |
8 |
26 |
Sound Tigers |
9 |
10 |
11 |
30 |
|
1st period
1. Sound Tigers , Brad Ross 3 (Josh Archibald 2, Garret Pilon 1) at 5:45
2. Sound Tigers , Alex Tuch 16 (Pavel Kraskovsky 22) at 16:02
3. Sound Tigers , Alex Tuch 17 (Borna Rendulic 11, Pavel Kraskovsky 23) at 18:14 (PP)
4. Sound Tigers , Borna Rendulic 9 (Nick Blankenburg 4) at 19:50
Penalties :
Dylan McIlrath (BRI) for Hooking (Minor) at 7:26, Joe Morrow (Gra) for Delaying the game (Minor) at 18:10
2nd period
5. Sound Tigers , Josh Archibald 2 (Miro Heiskanen 9, Garret Pilon 2) at 1:39
6. Sound Tigers , Alex Tuch 18 (Slater Koekkoek 6, Pavel Kraskovsky 24) at 13:27
7. Griffins , Danny Kristo 15 (Joe Morrow 7, Riley Armstrong 14) at 14:39 (PP)
Penalties :
Jack Roslovic (Gra) for Hooking (Minor) at 3:35, Dylan McIlrath (BRI) for Hooking (Minor) at 9:16, Joe Morrow (Gra) for Hooking (Minor) at 12:16, Nick Blankenburg (BRI) for Hooking (Minor) at 13:15, Sonny Milano (Gra) for Tripping (Minor) at 15:38
3rd period
8. Sound Tigers , James Livingstone 8 (Garret Ross 13, Rhett Gardner 8) at 10:03 (PP)
Penalties :
Riley Armstrong (Gra) for Slashing (Minor) at 1:25, Tyler Bertuzzi (Gra) for Hooking (Minor) at 8:07, Borna Rendulic (BRI) for Holding (Minor) at 10:26, Tyler Bertuzzi (Gra) for Holding (Minor) at 15:35, Jakub Galvas (BRI) for Hooking (Minor) at 18:13
Goalie Stats
Jean-Francois Berube (Gra), 5 saves from 9 shots - (0.556), L, 5-5-2, 19:50 minutes
Marcus Hogberg (Gra), 18 saves from 21 shots - (0.857), 40:10 minutes
Stuart Skinner (BRI), 25 saves from 26 shots - (0.962), W, 1-1-0, 60:00 minutes
Players Stats for Griffins
Player Name G A P +/- PIM S H SB GA TA FO MP PP MP PK MP
------------------------------------------------------------------------------------
Brendan Woods 0 0 0 -1 0 1 1 0 0 0 0/1 13:55 0:00 6:07
Chris Bigras 0 0 0 -1 0 1 1 2 0 1 0/0 23:42 0:24 6:56
Danny Kristo 1 0 1 -1 0 6 1 0 0 0 7/12 24:09 3:42 6:06
Dmitri Orlov 0 0 0 -3 0 0 1 1 0 1 0/0 15:19 3:01 0:00
Ian McCoshen 0 0 0 -2 0 1 1 0 0 1 0/0 21:30 1:18 6:43
Jack Roslovic 0 0 0 -2 2 3 0 1 1 1 14/30 19:53 3:12 1:55
Joe Morrow 0 1 1 -1 4 0 4 0 0 1 0/0 20:24 5:06 3:31
Klim Kostin 0 0 0 -1 0 1 3 1 1 1 0/0 9:57 0:45 1:30
Lucas Lessio 0 0 0 -2 0 4 0 0 3 1 0/0 17:11 3:01 3:09
Martin Frk 0 0 0 -2 0 2 0 0 0 0 0/1 13:21 3:24 0:00
Nico Hischier 0 0 0 0 0 0 0 0 0 0 1/1 12:19 3:46 0:44
Riley Armstrong 0 1 1 -2 2 2 2 0 0 0 5/9 17:22 4:10 2:19
Ryan Lindgren 0 0 0 -2 0 1 0 1 0 1 0/0 12:06 0:00 0:41
Ryan Pulock 0 0 0 -1 0 2 1 0 0 1 0/0 20:17 0:24 3:59
Sonny Milano 0 0 0 0 2 0 1 0 0 0 0/0 11:30 3:46 0:00
Troy Terry 0 0 0 0 0 0 0 0 0 0 0/0 8:32 0:39 0:00
Tyler Bertuzzi 0 0 0 -2 4 1 1 0 0 3 0/0 18:28 3:12 0:00
Vladislav Namestnikov 0 0 0 -1 0 1 1 0 0 0 2/2 8:03 0:45 0:00
Players Stats for Sound Tigers
Player Name G A P +/- PIM S H SB GA TA FO MP PP MP PK MP
------------------------------------------------------------------------------------
Alex Tuch 3 0 3 3 0 5 1 2 1 0 1/1 24:48 6:18 4:24
Alexander Yelesin 0 0 0 1 0 0 0 1 0 0 0/0 12:01 0:00 2:28
Ben Johnson 0 0 0 0 0 2 0 1 0 0 2/3 9:08 0:00 0:34
Ben Thomson 0 0 0 0 0 1 3 0 1 0 0/0 10:51 0:16 1:34
Borna Rendulic 1 1 2 2 2 3 1 0 3 0 1/1 19:30 6:06 0:00
Brad Ross 1 0 1 2 0 2 1 0 1 1 0/0 7:46 0:00 0:27
Dylan McIlrath 0 0 0 1 4 1 1 1 0 2 0/0 26:38 6:07 2:12
Garret Pilon 0 2 2 2 0 3 0 0 0 0 0/1 7:07 0:00 0:00
Garret Ross 0 1 1 0 0 1 2 0 2 2 0/0 17:41 4:33 2:25
Jakub Galvas 0 0 0 1 2 1 2 0 0 0 0/0 10:13 0:00 0:00
James Livingstone 1 0 1 0 0 2 2 0 0 0 0/0 15:08 4:33 0:00
Josh Archibald 1 1 2 2 0 1 1 0 0 0 0/0 7:28 0:04 0:00
Miro Heiskanen 0 1 1 3 0 2 0 2 0 0 0/0 21:47 4:48 3:56
Nick Blankenburg 0 1 1 3 2 2 1 1 0 0 0/0 21:19 4:47 3:27
Pavel Kraskovsky 0 3 3 3 0 1 0 1 3 0 20/44 24:37 6:06 4:25
Rhett Gardner 0 1 1 0 0 1 3 0 0 0 3/6 17:41 4:33 2:25
Ross Colton 0 0 0 0 0 1 2 1 0 0 0/0 9:06 0:16 0:00
Slater Koekkoek 0 1 1 1 0 1 2 0 1 0 0/0 27:59 6:07 4:11
3 Stars
1 - Alex Tuch (BRI)
2 - Pavel Kraskovsky (BRI)
3 - Josh Archibald (BRI)
Power Play
Griffins - 1 on 5 Attempt(s) - 20.00%
Sound Tigers - 2 on 7 Attempt(s) - 28.57%
Penalty Kill
Griffins - 5 on 7 Attempt(s) - 71.43%
- Score 0 goal in Penalty Kill
Sound Tigers - 4 on 5 Attempt(s) - 80.00%
- Score 0 goal in Penalty Kill
Team Stat
Griffins - Hits : 18 - Faceoff Wins : 29 - Blocked Shots : 6 - Penalty Minutes : 14
Sound Tigers - Hits : 22 - Faceoff Wins : 27 - Blocked Shots : 10 - Penalty Minutes : 10
Official
Referees : Corey Syvret and Ghislain Hebert
Linesman : Libor Suchanek and Andrew Smith
Game Notes
Marcus Hogberg enters game at 19:50 of 1st period
Alex Tuch has scored a Hat Trick!
Martin Frk is injured at 14:14 of 3rd period (Fractured Metatarsal (Right Foot))
Finance
Level 1 -- Attendance: 2000 (100.00%) -- Ticket Income $70,000
Level 2 -- Attendance: 979 (97.90%) -- Ticket Income $14,685
Total Attendance: 2979 (99.30%)
Total Ticket Income: $84,685
Other Income: $4,234
Total Income: $88,919
Griffins
5 vs 5 Forward
Center Left Wing Right Wing Time % Phy DF OF
1 Jack Roslovic Tyler Bertuzzi Danny Kristo 40 1 2 2
2 Riley Armstrong Lucas Lessio Martin Frk 30 1 2 2
3 Nico Hischier Sonny Milano Troy Terry 20 1 2 2
4 Vladislav Namestnikov Klim Kostin Brendan Woods 10 1 2 2
5 vs 5 Defense
Defense Defense Time % Phy DF OF
1 Ryan Pulock Chris Bigras 40 2 2 1
2 Joe Morrow Ian McCoshen 30 2 2 1
3 Dmitri Orlov Ryan Lindgren 20 2 2 1
4 Dmitri Orlov Ryan Lindgren 10 2 2 1
PowerPlay Forward
Center Left Wing Right Wing Time % Phy DF OF
1 Jack Roslovic Tyler Bertuzzi Danny Kristo 60 1 2 2
2 Riley Armstrong Sonny Milano Nico Hischier 40 1 2 2
PowerPlay Defense
Defense Defense Time % Phy DF OF
1 Joe Morrow Martin Frk 60 1 2 2
2 Dmitri Orlov Lucas Lessio 40 1 2 2
Penalty Kill 4 Players Forward
Center Wing Time % Phy DF OF
1 Danny Kristo Brendan Woods 60 1 2 2
2 Riley Armstrong Lucas Lessio 40 1 2 2
Penalty Kill 4 Players Defense
Defense Defense Time % Phy DF OF
1 Chris Bigras Ian McCoshen 60 1 2 2
2 Ryan Pulock Joe Morrow 40 1 2 2
Penalty Kill - 3 Players Forward
Forward Time % Phy DF OF
1 Brendan Woods 60 1 2 2
2 Riley Armstrong 40 1 2 2
Penalty Kill - 3 Players Defense
Defense Defense Time % Phy DF OF
1 Chris Bigras Joe Morrow 60 1 2 2
2 Ian McCoshen Ryan Lindgren 40 1 2 2
4 vs 4 Forward
Center Wing Time % Phy DF OF
1 Jack Roslovic Tyler Bertuzzi 60 1 2 2
2 Riley Armstrong Danny Kristo 40 1 2 2
4 vs 4 Defense
Defense Defense Time % Phy DF OF
1 Joe Morrow Dmitri Orlov 60 1 2 2
2 Chris Bigras Ryan Pulock 40 1 2 2
Last Minutes Offensive
Center Left Wing Right Wing Defense Defense
Jack Roslovic Tyler Bertuzzi Danny Kristo Joe Morrow Dmitri Orlov
Last Minutes Defensive
Center Left Wing Right Wing Defense Defense
Riley Armstrong Brendan Woods Danny Kristo Chris Bigras Ian McCoshen
Goaltenders
Starting : Jean-Francois Berube
Backup : Marcus Hogberg
Extra Forwards
Normal : Tyler Bertuzzi, Brendan Woods, Troy Terry - PP : Vladislav Namestnikov, Sonny Milano - PK : Jack Roslovic
Extra Defensemen
Normal : Ian McCoshen, Ryan Pulock, Dmitri Orlov - PP : Ian McCoshen - PK : Ryan Lindgren, Dmitri Orlov
Penalty Shots
Jack Roslovic, Danny Kristo, Riley Armstrong, Lucas Lessio, Brendan Woods
Scratches
Morgan Barron (Healthy), Alexandre Texier (Healthy), Lias Andersson (Healthy), Jack Studnicka (Healthy), Greg McKegg (Healthy)
Jack Ramsey (Healthy), Sebastian Ahaut (Healthy), Konrad Abeltshauser (Healthy), Michael Bunting (Healthy), Conor Timmins (Healthy)
Tanner Kero (Healthy), Tomas Hyka (Healthy), Nick Swaney (Healthy), Philippe Desrosiers (Healthy), Adam Werner (Healthy)
Sound Tigers
5 vs 5 Forward
Center Left Wing Right Wing Time % Phy DF OF
1 Pavel Kraskovsky Alex Tuch Borna Rendulic 40 1 2 2
2 Rhett Gardner Garret Ross James Livingstone 30 1 2 2
3 Ben Johnson Ben Thomson Ross Colton 20 1 2 2
4 Garret Pilon Brad Ross Josh Archibald 10 1 2 2
5 vs 5 Defense
Defense Defense Time % Phy DF OF
1 Dylan McIlrath Slater Koekkoek 40 1 2 2
2 Miro Heiskanen Nick Blankenburg 30 1 2 2
3 Alexander Yelesin Jakub Galvas 20 1 2 2
4 Dylan McIlrath Slater Koekkoek 10 1 2 2
PowerPlay Forward
Center Left Wing Right Wing Time % Phy DF OF
1 Pavel Kraskovsky Alex Tuch Borna Rendulic 60 1 2 2
2 Rhett Gardner Garret Ross James Livingstone 40 1 2 2
PowerPlay Defense
Defense Defense Time % Phy DF OF
1 Dylan McIlrath Slater Koekkoek 60 1 2 2
2 Miro Heiskanen Nick Blankenburg 40 1 2 2
Penalty Kill 4 Players Forward
Center Wing Time % Phy DF OF
1 Pavel Kraskovsky Alex Tuch 60 1 2 2
2 Rhett Gardner Garret Ross 40 1 2 2
Penalty Kill 4 Players Defense
Defense Defense Time % Phy DF OF
1 Dylan McIlrath Slater Koekkoek 60 1 2 2
2 Miro Heiskanen Nick Blankenburg 40 1 2 2
Penalty Kill - 3 Players Forward
Forward Time % Phy DF OF
1 Pavel Kraskovsky 60 1 2 2
2 Rhett Gardner 40 1 2 2
Penalty Kill - 3 Players Defense
Defense Defense Time % Phy DF OF
1 Dylan McIlrath Slater Koekkoek 60 1 2 2
2 Miro Heiskanen Nick Blankenburg 40 1 2 2
4 vs 4 Forward
Center Wing Time % Phy DF OF
1 Pavel Kraskovsky Alex Tuch 60 1 2 2
2 Rhett Gardner Garret Ross 40 1 2 2
4 vs 4 Defense
Defense Defense Time % Phy DF OF
1 Dylan McIlrath Slater Koekkoek 60 1 2 2
2 Miro Heiskanen Nick Blankenburg 40 1 2 2
Last Minutes Offensive
Center Left Wing Right Wing Defense Defense
Pavel Kraskovsky Alex Tuch Borna Rendulic Dylan McIlrath Slater Koekkoek
Last Minutes Defensive
Center Left Wing Right Wing Defense Defense
Pavel Kraskovsky Alex Tuch Borna Rendulic Dylan McIlrath Slater Koekkoek
Goaltenders
Starting : Stuart Skinner
Backup : Sean Maguire
Extra Forwards
Normal : Ben Thomson, Ross Colton, Pavel Kraskovsky - PP : Ben Thomson, Ross Colton - PK : Ben Thomson
Extra Defensemen
Normal : Nick Blankenburg, Alexander Yelesin, Jakub Galvas - PP : Nick Blankenburg - PK : Nick Blankenburg, Alexander Yelesin
Penalty Shots
Alex Tuch, Garret Ross, Borna Rendulic, James Livingstone, Ben Thomson
Scratches
Blake Speers (Healthy), Alex Steeves (Healthy), Gabriel Carlsson (Lower Body Injury), Joe Labate (Healthy), Noah Cates (Healthy)
Tyrell Goulbourne (Healthy), Brandon Gignac (Healthy), Casey Staum (Healthy), Chris Driedger (Healthy), Pavel Francouz (Healthy)
% Time on Ice - Griffins
Lines # - Real PCT - Wanted PCT - Time Play
Normal Forward
1 - 36% - 40% - 14:16
2 - 27% - 30% - 10:48
3 - 19% - 20% - 7:39
4 - 18% - 10% - 7:15
Normal Defense
1 - 42% - 40% - 16:58
2 - 29% - 30% - 11:41
3 - 22% - 20% - 8:41
4 - 7% - 10% - 2:38
PP Forward
1 - 49% - 60% - 3:57
2 - 51% - 40% - 4:10
PP Defense
1 - 58% - 60% - 4:42
2 - 42% - 40% - 3:25
PK Forward
1 - 71% - 60% - 7:46
2 - 29% - 40% - 3:09
PK Defense
1 - 64% - 60% - 6:56
2 - 36% - 40% - 3:59
PK3 Forward
1 - 0% - 60%
2 - 0% - 40%
PK3 Defense
1 - 0% - 60%
2 - 0% - 40%
44 Forward
1 - 88% - 60% - 0:53
2 - 12% - 40% - 0:07
44 Defense
1 - 77% - 60% - 0:46
2 - 23% - 40% - 0:14
Last Minute Offensive - 0:00
Last Minute Defensive - 0:00
Total
Forward - 60:00
Defense - 60:00
|
% Time on Ice - Sound Tigers
Lines # - Real PCT - Wanted PCT - Time Play
Normal Forward
1 - 34% - 40% - 13:43
2 - 26% - 30% - 10:35
3 - 21% - 20% - 8:33
4 - 18% - 10% - 7:07
Normal Defense
1 - 41% - 40% - 16:16
2 - 32% - 30% - 12:54
3 - 24% - 20% - 9:24
4 - 4% - 10% - 1:24
PP Forward
1 - 58% - 60% - 6:22
2 - 42% - 40% - 4:33
PP Defense
1 - 56% - 60% - 6:07
2 - 44% - 40% - 4:48
PK Forward
1 - 70% - 60% - 5:42
2 - 30% - 40% - 2:25
PK Defense
1 - 64% - 60% - 5:13
2 - 36% - 40% - 2:54
PK3 Forward
1 - 0% - 60%
2 - 0% - 40%
PK3 Defense
1 - 0% - 60%
2 - 0% - 40%
44 Forward
1 - 87% - 60% - 0:52
2 - 13% - 40% - 0:08
44 Defense
1 - 87% - 60% - 0:52
2 - 13% - 40% - 0:08
Last Minute Offensive - 0:00
Last Minute Defensive - 0:00
Total
Forward - 60:00
Defense - 60:00
|
Play-by-Play
1st period
0:01 of 1st period - Pavel Kraskovsky wins face-off versus Jack Roslovic in neutral zone.
2:30 of 1st period - Dylan McIlrath is hit by Danny Kristo and loses puck.
2:47 of 1st period - Slater Koekkoek is hit by Brendan Woods and loses puck.
2:56 of 1st period - Borna Rendulic is hit by Ian McCoshen and loses puck.
3:47 of 1st period - Slater Koekkoek is hit by Ryan Pulock and loses puck.
4:08 of 1st period - Dmitri Orlov is hit by Dylan McIlrath.
4:31 of 1st period - Ross Colton is hit by Chris Bigras and loses puck.
4:40 of 1st period - Slapshot by Riley Armstrong.
4:40 of 1st period - Stopped by Stuart Skinner with a rebound.
4:42 of 1st period - Snap shot by Lucas Lessio.
4:42 of 1st period - Shot Blocked by Ross Colton.
4:56 of 1st period - Garret Ross is hit by Joe Morrow and loses puck.
5:45 of 1st period - Wrist shot by Brad Ross.
5:45 of 1st period - Goal by Brad Ross - Griffins : 0 - Sound Tigers : 1.
5:46 of 1st period - Jack Roslovic wins face-off versus Pavel Kraskovsky in neutral zone.
5:51 of 1st period - Wrist shot by Jack Roslovic.
5:51 of 1st period - Shot Misses the Net.
5:54 of 1st period - Icing by Borna Rendulic.
5:55 of 1st period - Pavel Kraskovsky wins face-off versus Jack Roslovic in Sound Tigers zone.
6:02 of 1st period - Snap shot by Borna Rendulic.
6:02 of 1st period - Stopped by Jean-Francois Berube without a rebound.
6:03 of 1st period - Rhett Gardner wins face-off versus Jack Roslovic in Griffins zone.
6:18 of 1st period - Snap shot by James Livingstone.
6:18 of 1st period - Shot Misses the Net.
6:55 of 1st period - Wrist shot by Danny Kristo.
6:55 of 1st period - Stopped by Stuart Skinner with a rebound.
6:59 of 1st period - Wrist shot by Tyler Bertuzzi.
6:59 of 1st period - Stopped by Stuart Skinner with a rebound.
7:01 of 1st period - Backhand shot by Tyler Bertuzzi.
7:01 of 1st period - Shot Misses the Net.
7:13 of 1st period - Wrist shot by Tyler Bertuzzi.
7:13 of 1st period - Shot Misses the Net.
7:15 of 1st period - Slapshot by Ryan Lindgren.
7:15 of 1st period - Stopped by Stuart Skinner with a rebound.
7:26 of 1st period - Minor Penalty to Dylan McIlrath for Hooking.
7:27 of 1st period - Pavel Kraskovsky wins face-off versus Riley Armstrong in Sound Tigers zone.
8:15 of 1st period - Pavel Kraskovsky is hit by Klim Kostin and loses puck.
9:26 of 1st period - Penalty to Dylan McIlrath is over, Dylan McIlrath is back on ice.
9:32 of 1st period - Wrist shot by Brad Ross.
9:32 of 1st period - Stopped by Jean-Francois Berube with a rebound.
9:44 of 1st period - Garret Pilon is hit by Joe Morrow and loses puck.
11:17 of 1st period - Chris Bigras is hit by Ben Thomson and loses puck.
11:42 of 1st period - Alex Tuch is hit by Klim Kostin and loses puck.
12:09 of 1st period - Tyler Bertuzzi is hit by Jakub Galvas and loses puck.
12:40 of 1st period - Chris Bigras is hit by Jakub Galvas and loses puck.
13:38 of 1st period - Slapshot by Ben Thomson.
13:38 of 1st period - Shot Hit the Post.
13:40 of 1st period - Wrist shot by Miro Heiskanen.
13:40 of 1st period - Stopped by Jean-Francois Berube with a rebound.
14:48 of 1st period - Brendan Woods is hit by Ben Thomson.
15:26 of 1st period - Jakub Galvas is hit by Dmitri Orlov and loses puck.
16:02 of 1st period - Slapshot by Alex Tuch.
16:02 of 1st period - Goal by Alex Tuch - Griffins : 0 - Sound Tigers : 2.
16:03 of 1st period - Alex Tuch wins face-off versus Jack Roslovic in neutral zone.
16:51 of 1st period - Ryan Pulock is hit by Rhett Gardner and loses puck.
16:56 of 1st period - Wrist shot by James Livingstone.
16:56 of 1st period - Shot Blocked by Chris Bigras.
16:58 of 1st period - Snap shot by Jakub Galvas.
16:58 of 1st period - Stopped by Jean-Francois Berube with a rebound.
17:30 of 1st period - Snap shot by Garret Pilon.
17:30 of 1st period - Shot Misses the Net.
17:32 of 1st period - Slapshot by Nick Blankenburg.
17:32 of 1st period - Stopped by Jean-Francois Berube without a rebound.
17:33 of 1st period - Vladislav Namestnikov wins face-off versus Rhett Gardner in Griffins zone.
17:44 of 1st period - Wrist shot by Vladislav Namestnikov.
17:44 of 1st period - Stopped by Stuart Skinner with a rebound.
17:48 of 1st period - Snap shot by Klim Kostin.
17:48 of 1st period - Stopped by Stuart Skinner without a rebound.
17:49 of 1st period - Riley Armstrong wins face-off versus Pavel Kraskovsky in Sound Tigers zone.
17:52 of 1st period - Slapshot by Riley Armstrong.
17:52 of 1st period - Shot Blocked by Dylan McIlrath.
18:02 of 1st period - Snap shot by Pavel Kraskovsky.
18:02 of 1st period - Shot Misses the Net.
18:04 of 1st period - Snap shot by Borna Rendulic.
18:04 of 1st period - Shot Misses the Net.
18:10 of 1st period - Minor Penalty to Joe Morrow for Delaying the game.
18:11 of 1st period - Pavel Kraskovsky wins face-off versus Danny Kristo in Griffins zone.
18:14 of 1st period - Backhand shot by Alex Tuch.
18:14 of 1st period - Goal by Alex Tuch - Griffins : 0 - Sound Tigers : 3.
18:15 of 1st period - Pavel Kraskovsky wins face-off versus Riley Armstrong in neutral zone.
19:50 of 1st period - Slapshot by Borna Rendulic.
19:50 of 1st period - Goal by Borna Rendulic - Griffins : 0 - Sound Tigers : 4.
19:50 of 1st period - Marcus Hogberg enters game.
19:51 of 1st period - Jack Roslovic wins face-off versus Pavel Kraskovsky in neutral zone.
19:58 of 1st period - Backhand shot by Jack Roslovic.
19:58 of 1st period - Stopped by Stuart Skinner with a rebound.
Goals for this period are 0 for Griffins vs 4 for Sound Tigers.
Shots for this period are 7 for Griffins vs 9 for Sound Tigers.
2nd period
0:01 of 2nd period - Pavel Kraskovsky wins face-off versus Jack Roslovic in neutral zone.
0:56 of 2nd period - Lucas Lessio is hit by Garret Ross.
1:35 of 2nd period - Snap shot by Garret Pilon.
1:35 of 2nd period - Shot Blocked by Ryan Lindgren.
1:37 of 2nd period - Slapshot by Miro Heiskanen.
1:37 of 2nd period - Stopped by Marcus Hogberg with a rebound.
1:39 of 2nd period - Snap shot by Josh Archibald.
1:39 of 2nd period - Goal by Josh Archibald - Griffins : 0 - Sound Tigers : 5.
1:40 of 2nd period - Jack Roslovic wins face-off versus Pavel Kraskovsky in neutral zone.
1:51 of 2nd period - Wrist shot by Jack Roslovic.
1:51 of 2nd period - Stopped by Stuart Skinner with a rebound.
1:53 of 2nd period - Snap shot by Jack Roslovic.
1:53 of 2nd period - Shot Blocked by Miro Heiskanen.
1:55 of 2nd period - Slapshot by Danny Kristo.
1:55 of 2nd period - Deflect By Jack Roslovic.
1:55 of 2nd period - Stopped by Stuart Skinner with a rebound.
2:05 of 2nd period - Martin Frk is hit by James Livingstone and loses puck.
2:14 of 2nd period - Snap shot by James Livingstone.
2:14 of 2nd period - Shot Misses the Net.
2:16 of 2nd period - Snap shot by Rhett Gardner.
2:16 of 2nd period - Shot Misses the Net.
2:39 of 2nd period - Wrist shot by Garret Pilon.
2:39 of 2nd period - Stopped by Marcus Hogberg without a rebound.
2:40 of 2nd period - Jack Roslovic wins face-off versus Pavel Kraskovsky in Griffins zone.
3:05 of 2nd period - Riley Armstrong is hit by Nick Blankenburg.
3:15 of 2nd period - Wrist shot by Garret Ross.
3:15 of 2nd period - Stopped by Marcus Hogberg without a rebound.
3:16 of 2nd period - Pavel Kraskovsky wins face-off versus Danny Kristo in Griffins zone.
3:35 of 2nd period - Minor Penalty to Jack Roslovic for Hooking.
3:36 of 2nd period - Danny Kristo wins face-off versus Pavel Kraskovsky in Griffins zone.
3:46 of 2nd period - Wrist shot by Borna Rendulic.
3:46 of 2nd period - Shot Misses the Net.
3:48 of 2nd period - Snap shot by Alex Tuch.
3:48 of 2nd period - Shot Misses the Net.
3:50 of 2nd period - Slapshot by Dylan McIlrath.
3:50 of 2nd period - Stopped by Marcus Hogberg without a rebound.
3:51 of 2nd period - Danny Kristo wins face-off versus Pavel Kraskovsky in Griffins zone.
4:50 of 2nd period - Rhett Gardner is hit by Joe Morrow and loses puck.
5:25 of 2nd period - Slapshot by Chris Bigras.
5:25 of 2nd period - Shot Blocked by Alex Tuch.
5:35 of 2nd period - Penalty to Jack Roslovic is over, Jack Roslovic is back on ice.
7:06 of 2nd period - Slapshot by Martin Frk.
7:06 of 2nd period - Stopped by Stuart Skinner without a rebound.
7:07 of 2nd period - Nico Hischier wins face-off versus Pavel Kraskovsky in Sound Tigers zone.
7:08 of 2nd period - Snap shot by Troy Terry.
7:08 of 2nd period - Shot Misses the Net.
7:18 of 2nd period - Backhand shot by Sonny Milano.
7:18 of 2nd period - Shot Misses the Net.
7:32 of 2nd period - Dmitri Orlov is hit by Slater Koekkoek.
7:36 of 2nd period - Slapshot by Ben Johnson.
7:36 of 2nd period - Stopped by Marcus Hogberg without a rebound.
7:37 of 2nd period - Ben Johnson wins face-off versus Jack Roslovic in Griffins zone.
7:46 of 2nd period - Slapshot by Tyler Bertuzzi.
7:46 of 2nd period - Shot Misses the Net.
7:48 of 2nd period - Snap shot by Chris Bigras.
7:48 of 2nd period - Shot Blocked by Alexander Yelesin.
7:50 of 2nd period - Slapshot by Ryan Pulock.
7:50 of 2nd period - Stopped by Stuart Skinner without a rebound.
7:51 of 2nd period - Pavel Kraskovsky wins face-off versus Martin Frk in Sound Tigers zone.
8:02 of 2nd period - Slapshot by Lucas Lessio.
8:02 of 2nd period - Stopped by Stuart Skinner without a rebound.
8:03 of 2nd period - Pavel Kraskovsky wins face-off versus Jack Roslovic in Sound Tigers zone.
8:03 of 2nd period - Pavel Kraskovsky is hit by Tyler Bertuzzi.
8:11 of 2nd period - Ian McCoshen is hit by Alex Tuch and loses puck.
8:28 of 2nd period - Icing by Pavel Kraskovsky.
8:29 of 2nd period - Riley Armstrong wins face-off versus Pavel Kraskovsky in Sound Tigers zone.
8:30 of 2nd period - Wrist shot by Lucas Lessio.
8:30 of 2nd period - Stopped by Stuart Skinner without a rebound.
8:31 of 2nd period - Pavel Kraskovsky wins face-off versus Riley Armstrong in Sound Tigers zone.
8:36 of 2nd period - Dylan McIlrath is hit by Riley Armstrong and loses puck.
8:43 of 2nd period - Wrist shot by Martin Frk.
8:43 of 2nd period - Stopped by Stuart Skinner without a rebound.
8:44 of 2nd period - Jack Roslovic wins face-off versus Pavel Kraskovsky in Sound Tigers zone.
8:45 of 2nd period - Wrist shot by Danny Kristo.
8:45 of 2nd period - Shot Blocked by Alex Tuch.
8:47 of 2nd period - Snap shot by Danny Kristo.
8:47 of 2nd period - Stopped by Stuart Skinner without a rebound.
8:48 of 2nd period - Jack Roslovic wins face-off versus Pavel Kraskovsky in Sound Tigers zone.
9:16 of 2nd period - Minor Penalty to Dylan McIlrath for Hooking.
9:17 of 2nd period - Jack Roslovic wins face-off versus Pavel Kraskovsky in Sound Tigers zone.
9:41 of 2nd period - Pavel Kraskovsky is hit by Riley Armstrong and loses puck.
10:00 of 2nd period - Snap shot by Pavel Kraskovsky.
10:00 of 2nd period - Shot Blocked by Dmitri Orlov.
11:16 of 2nd period - Penalty to Dylan McIlrath is over, Dylan McIlrath is back on ice.
11:28 of 2nd period - Snap shot by Garret Pilon.
11:28 of 2nd period - Stopped by Marcus Hogberg with a rebound.
11:30 of 2nd period - Wrist shot by Nick Blankenburg.
11:30 of 2nd period - Deflect By Garret Pilon.
11:30 of 2nd period - Shot Blocked by Klim Kostin.
11:30 of 2nd period - Puck is out of play.
11:31 of 2nd period - Ben Johnson wins face-off versus Brendan Woods in Griffins zone.
11:33 of 2nd period - Icing by Klim Kostin.
11:34 of 2nd period - Vladislav Namestnikov wins face-off versus Ben Johnson in Griffins zone.
11:43 of 2nd period - Slapshot by Chris Bigras.
11:43 of 2nd period - Stopped by Stuart Skinner with a rebound.
11:49 of 2nd period - Chris Bigras is hit by Ben Thomson and loses puck.
12:16 of 2nd period - Minor Penalty to Joe Morrow for Hooking.
12:17 of 2nd period - Pavel Kraskovsky wins face-off versus Danny Kristo in Griffins zone.
12:20 of 2nd period - Wrist shot by Pavel Kraskovsky.
12:20 of 2nd period - Shot Misses the Net.
12:22 of 2nd period - Slapshot by Borna Rendulic.
12:22 of 2nd period - Shot Blocked by Chris Bigras.
13:15 of 2nd period - Minor Penalty to Nick Blankenburg for Hooking.
13:16 of 2nd period - Pavel Kraskovsky wins face-off versus Jack Roslovic in Sound Tigers zone.
13:23 of 2nd period - Wrist shot by Alex Tuch.
13:23 of 2nd period - Stopped by Marcus Hogberg with a rebound.
13:25 of 2nd period - Slapshot by Slater Koekkoek.
13:25 of 2nd period - Shot Misses the Net.
13:27 of 2nd period - Snap shot by Alex Tuch.
13:27 of 2nd period - Goal by Alex Tuch - Griffins : 0 - Sound Tigers : 6.
13:28 of 2nd period - Pavel Kraskovsky wins face-off versus Jack Roslovic in neutral zone.
13:32 of 2nd period - Off-side.
13:33 of 2nd period - Pavel Kraskovsky wins face-off versus Jack Roslovic in neutral zone.
14:16 of 2nd period - Penalty to Joe Morrow is over, Joe Morrow is back on ice.
14:39 of 2nd period - Wrist shot by Danny Kristo.
14:39 of 2nd period - Goal by Danny Kristo - Griffins : 1 - Sound Tigers : 6.
14:40 of 2nd period - Jack Roslovic wins face-off versus Pavel Kraskovsky in neutral zone.
15:38 of 2nd period - Minor Penalty to Sonny Milano for Tripping.
15:39 of 2nd period - Danny Kristo wins face-off versus Pavel Kraskovsky in Griffins zone.
15:50 of 2nd period - Slapshot by Nick Blankenburg.
15:50 of 2nd period - Stopped by Marcus Hogberg with a rebound.
17:14 of 2nd period - Brendan Woods is hit by James Livingstone.
17:38 of 2nd period - Penalty to Sonny Milano is over, Sonny Milano is back on ice.
17:52 of 2nd period - Dmitri Orlov is hit by Ross Colton and loses puck.
19:24 of 2nd period - Wrist shot by Brendan Woods.
19:24 of 2nd period - Stopped by Stuart Skinner with a rebound.
19:48 of 2nd period - Chris Bigras is hit by Garret Ross and loses puck.
19:55 of 2nd period - Slater Koekkoek is hit by Vladislav Namestnikov and loses puck.
Goals for this period are 1 for Griffins vs 2 for Sound Tigers.
Shots for this period are 11 for Griffins vs 10 for Sound Tigers.
3rd period
0:01 of 3rd period - Danny Kristo wins face-off versus Pavel Kraskovsky in neutral zone.
0:56 of 3rd period - Snap shot by Joe Morrow.
0:56 of 3rd period - Deflect By Troy Terry.
0:56 of 3rd period - Shot Blocked by Ben Johnson.
0:56 of 3rd period - Puck is out of play.
0:57 of 3rd period - Pavel Kraskovsky wins face-off versus Jack Roslovic in Sound Tigers zone.
1:25 of 3rd period - Minor Penalty to Riley Armstrong for Slashing.
1:26 of 3rd period - Pavel Kraskovsky wins face-off versus Danny Kristo in Griffins zone.
3:15 of 3rd period - Ben Thomson is hit by Klim Kostin and loses puck.
3:25 of 3rd period - Penalty to Riley Armstrong is over, Riley Armstrong is back on ice.
3:32 of 3rd period - Troy Terry is hit by Brad Ross and loses puck.
4:27 of 3rd period - Icing by Pavel Kraskovsky.
4:28 of 3rd period - Riley Armstrong wins face-off versus Pavel Kraskovsky in Sound Tigers zone.
4:53 of 3rd period - Slapshot by James Livingstone.
4:53 of 3rd period - Shot Misses the Net.
4:55 of 3rd period - Wrist shot by Rhett Gardner.
4:55 of 3rd period - Stopped by Marcus Hogberg without a rebound.
4:56 of 3rd period - Rhett Gardner wins face-off versus Danny Kristo in Griffins zone.
5:05 of 3rd period - Slapshot by Ryan Pulock.
5:05 of 3rd period - Stopped by Stuart Skinner with a rebound.
5:31 of 3rd period - Snap shot by Ross Colton.
5:31 of 3rd period - Stopped by Marcus Hogberg with a rebound.
5:41 of 3rd period - Slapshot by Joe Morrow.
5:41 of 3rd period - Shot Blocked by Nick Blankenburg.
5:43 of 3rd period - Snap shot by Lucas Lessio.
5:43 of 3rd period - Shot Blocked by Pavel Kraskovsky.
5:45 of 3rd period - Backhand shot by Lucas Lessio.
5:45 of 3rd period - Stopped by Stuart Skinner without a rebound.
5:46 of 3rd period - Pavel Kraskovsky wins face-off versus Riley Armstrong in Sound Tigers zone.
5:59 of 3rd period - Snap shot by Lucas Lessio.
5:59 of 3rd period - Stopped by Stuart Skinner with a rebound.
6:01 of 3rd period - Snap shot by Lucas Lessio.
6:01 of 3rd period - Shot Blocked by Miro Heiskanen.
6:11 of 3rd period - Tyler Bertuzzi is hit by Rhett Gardner and loses puck.
6:41 of 3rd period - Snap shot by Ben Thomson.
6:41 of 3rd period - Stopped by Marcus Hogberg without a rebound.
6:42 of 3rd period - Pavel Kraskovsky wins face-off versus Jack Roslovic in Griffins zone.
6:43 of 3rd period - Wrist shot by Borna Rendulic.
6:43 of 3rd period - Stopped by Marcus Hogberg with a rebound.
7:39 of 3rd period - Wrist shot by Ben Thomson.
7:39 of 3rd period - Shot Misses the Net.
7:41 of 3rd period - Snap shot by Ben Johnson.
7:41 of 3rd period - Shot Misses the Net.
7:43 of 3rd period - Slapshot by Ben Johnson.
7:43 of 3rd period - Stopped by Marcus Hogberg without a rebound.
7:44 of 3rd period - Jack Roslovic wins face-off versus Pavel Kraskovsky in Griffins zone.
7:53 of 3rd period - Off-side.
7:54 of 3rd period - Jack Roslovic wins face-off versus Pavel Kraskovsky in neutral zone.
8:07 of 3rd period - Minor Penalty to Tyler Bertuzzi for Hooking.
8:08 of 3rd period - Danny Kristo wins face-off versus Pavel Kraskovsky in Griffins zone.
8:20 of 3rd period - Snap shot by Pavel Kraskovsky.
8:20 of 3rd period - Deflect By Chris Bigras.
8:20 of 3rd period - Shot Misses the Net.
8:20 of 3rd period - Puck is out of play.
8:21 of 3rd period - Danny Kristo wins face-off versus Pavel Kraskovsky in Griffins zone.
8:21 of 3rd period - Danny Kristo is hit by Slater Koekkoek.
8:56 of 3rd period - Slapshot by Slater Koekkoek.
8:56 of 3rd period - Stopped by Marcus Hogberg with a rebound.
9:28 of 3rd period - Snap shot by Riley Armstrong.
9:28 of 3rd period - Shot Misses the Net.
9:49 of 3rd period - Wrist shot by Alex Tuch.
9:49 of 3rd period - Stopped by Marcus Hogberg without a rebound.
9:50 of 3rd period - Rhett Gardner wins face-off versus Jack Roslovic in Griffins zone.
10:03 of 3rd period - Snap shot by James Livingstone.
10:03 of 3rd period - Goal by James Livingstone - Griffins : 1 - Sound Tigers : 7.
10:04 of 3rd period - Borna Rendulic wins face-off versus Jack Roslovic in neutral zone.
10:14 of 3rd period - Wrist shot by Danny Kristo.
10:14 of 3rd period - Shot Misses the Net.
10:16 of 3rd period - Wrist shot by Danny Kristo.
10:16 of 3rd period - Stopped by Stuart Skinner with a rebound.
10:18 of 3rd period - Snap shot by Tyler Bertuzzi.
10:18 of 3rd period - Shot Misses the Net.
10:26 of 3rd period - Minor Penalty to Borna Rendulic for Holding.
10:27 of 3rd period - Jack Roslovic wins face-off versus Pavel Kraskovsky in Sound Tigers zone.
11:20 of 3rd period - Pavel Kraskovsky is hit by Sonny Milano.
11:41 of 3rd period - Icing by Nico Hischier.
11:42 of 3rd period - Riley Armstrong wins face-off versus Rhett Gardner in Griffins zone.
12:26 of 3rd period - Penalty to Borna Rendulic is over, Borna Rendulic is back on ice.
12:44 of 3rd period - Wrist shot by James Livingstone.
12:44 of 3rd period - Stopped by Marcus Hogberg with a rebound.
14:13 of 3rd period - Martin Frk is hit by Ross Colton and loses puck.
14:14 of 3rd period - Martin Frk from Griffins is injured at 14:14 of 3rd period (Fractured Metatarsal (Right Foot)).
14:15 of 3rd period - Pavel Kraskovsky wins face-off versus Jack Roslovic in Griffins zone.
14:16 of 3rd period - Snap shot by Alex Tuch.
14:16 of 3rd period - Shot Blocked by Jack Roslovic.
14:22 of 3rd period - Snap shot by Pavel Kraskovsky.
14:22 of 3rd period - Stopped by Marcus Hogberg with a rebound.
15:02 of 3rd period - Nick Blankenburg is hit by Joe Morrow and loses puck.
15:23 of 3rd period - Wrist shot by Garret Pilon.
15:23 of 3rd period - Stopped by Marcus Hogberg without a rebound.
15:24 of 3rd period - Jack Roslovic wins face-off versus Pavel Kraskovsky in Griffins zone.
15:24 of 3rd period - Jack Roslovic is hit by Borna Rendulic.
15:35 of 3rd period - Minor Penalty to Tyler Bertuzzi for Holding.
15:36 of 3rd period - Danny Kristo wins face-off versus Pavel Kraskovsky in Griffins zone.
17:01 of 3rd period - Brendan Woods is hit by Rhett Gardner and loses puck.
17:18 of 3rd period - Slapshot by Ryan Pulock.
17:18 of 3rd period - Shot Misses the Net.
17:34 of 3rd period - Klim Kostin is hit by Josh Archibald and loses puck.
17:35 of 3rd period - Penalty to Tyler Bertuzzi is over, Tyler Bertuzzi is back on ice.
17:39 of 3rd period - Wrist shot by Ross Colton.
17:39 of 3rd period - Shot Misses the Net.
17:49 of 3rd period - Slapshot by Danny Kristo.
17:49 of 3rd period - Stopped by Stuart Skinner with a rebound.
17:51 of 3rd period - Snap shot by Ian McCoshen.
17:51 of 3rd period - Deflect By Josh Archibald.
17:51 of 3rd period - Stopped by Stuart Skinner without a rebound.
17:52 of 3rd period - Riley Armstrong wins face-off versus Garret Pilon in Sound Tigers zone.
18:05 of 3rd period - Snap shot by Riley Armstrong.
18:05 of 3rd period - Deflect By Brad Ross.
18:05 of 3rd period - Stopped by Stuart Skinner with a rebound.
18:07 of 3rd period - Slapshot by Lucas Lessio.
18:07 of 3rd period - Shot Misses the Net.
18:13 of 3rd period - Minor Penalty to Jakub Galvas for Hooking.
18:14 of 3rd period - Pavel Kraskovsky wins face-off versus Jack Roslovic in Sound Tigers zone.
18:19 of 3rd period - Slapshot by Danny Kristo.
18:19 of 3rd period - Stopped by Stuart Skinner without a rebound.
18:20 of 3rd period - Jack Roslovic wins face-off versus Pavel Kraskovsky in Sound Tigers zone.
19:28 of 3rd period - Off-side.
19:29 of 3rd period - Jack Roslovic wins face-off versus Rhett Gardner in neutral zone.
Goals for this period are 0 for Griffins vs 1 for Sound Tigers.
Shots for this period are 8 for Griffins vs 11 for Sound Tigers.